 Dungeon Sprint DCSS version 0.31-a0-18-gea43df2a32 (webtiles) character file.

Game seed: 14937354226445981148

7579 sircluck the Brawler (level 10, -17/153 HPs)
             Began as a Troll Berserker on May 11, 2023.
             Was a Priest of Trog.
             Demolished by a golden dragon (19 damage)
             ... in the Dungeon (Sprint II: "The Violet Keep of Menkaure").
             The game lasted 00:08:57 (941 turns).

sircluck the Brawler (Troll Berserker)               Turns: 941, Time: 00:08:57

Health: -17/153    AC:  6    Str: 31      XL:     10   Next: 97%
Magic:  9/9        EV: 13    Int:  1 (3)  God:    Trog [***...]
Gold:   273        SH:  0    Dex:  9      Spells: 9/9 levels left

rFire   . .          .
                       - Unarmed
rCold   . . .        (no shield)
rNeg    . . .        a - +0 animal skin
rPois   +            (helmet restricted)
rElec   .            (no cloak)
rCorr   .            (gloves unavailable)
SInv    .            (boots unavailable)
Will    .....        (no amulet) Stlth
                     (no ring)
HPRegen 1.25/turn    (no ring)
MPRegen 0.11/turn

%: no teleportation
@: berserking, unable to drink, very quick
A: large, unfitting armour, claws 3, regeneration 1, shaggy fur 1, tough skin 1,
iridescent scales 1, deterioration 1, frail 1, poison resistance, screaming 2,
subdued magic 1, inability to drink after injury 1
a: Renounce Religion, Berserk, Trog's Hand


You were in the Dungeon.
You worshipped Trog.
Trog was most pleased with you.
You visited 1 branch You collected 1053 gold pieces.
You spent 780 gold pieces at shops.

Inventory:

Armour
 a - a +0 animal skin (worn)
Jewellery
 i - a +4 ring of slaying
Potions
 b - a potion of curing
 c - a potion of heal wounds
 d - a potion of haste
 e - 2 potions of magic
 f - a potion of berserk rage
 h - 3 potions of flight {unknown}


   Skills:
 + Level 11.3 Fighting
 + Level 12.0 Dodging
 + Level 0.1 Stealth
 + Level 18.9 Unarmed Combat


You had 9 spell levels left.
You didn't know any spells.
Your spell library was empty.

Dungeon Overview and Level Annotations

Branches:
Dungeon (1/1)

Altars:

Shops:
D (::(![==?*[=[?!

Annotations:
D exclusion: oklob plant, Roxanne


Innate Abilities, Weirdness & Mutations

You are too large for most types of armour.
You have claws for hands.
Your natural rate of healing is unusually fast.
You are covered in fur. (AC +1)
You have tough skin. (AC +1)
You are partially covered in iridescent scales. (AC +2)
Your body sometimes deteriorates upon taking damage.
You are frail. (-10% HP)
Your system is resistant to poisons. (rPois)
You frequently scream uncontrollably at your foes.
Your spells are a little easier to cast, but a little less powerful.
You occasionally lose the ability to drink potions when taking damage.


Message History

Trog will no longer gift you weapons.
You swap places.
The golden dragon bites your ogre!!!
The golden dragon completely misses your ogre.
The golden dragon tramples your ogre.
Your ogre holds its ground!
Your ogre dies!
Your ogre's corpse disappears in a puff of smoke!
A red film seems to cover your vision as you go berserk!
You feel yourself moving faster!
You feel mighty!
You can no longer call in reinforcements.
The cacodemon gestures next to the frost giant.
Some rock shatters into small pieces.
You mangle the golden dragon!!
The golden dragon is moderately wounded.
The golden dragon breathes cold at you. The bolt of cold hits you!!!
Your body deteriorates!
You feel dopey. The bone dragon barely misses you. The bone dragon claws you.
The bone dragon closely misses you.
You claw the golden dragon!
The golden dragon is moderately wounded.
You eviscerate the golden dragon!!!
The golden dragon is almost dead.
The bone dragon bites you! The bone dragon claws you!
* * * LOW HITPOINT WARNING * * *
The bone dragon barely misses you.
The cacodemon gestures next to the frost giant.
Some rock shatters into small pieces.
The golden dragon bites you!!
You feel threatened and lose the ability to drink potions!
* * * LOW HITPOINT WARNING * * *
The golden dragon claws you!
* * * LOW HITPOINT WARNING * * *
The golden dragon tramples you.
* * * LOW HITPOINT WARNING * * *
You stumble backwards!
You claw the golden dragon!
The golden dragon is almost dead.
You claw the golden dragon! Your claw misses the golden dragon.
The golden dragon is almost dead.
The golden dragon bites you!!
You die...

####~~~.........#
...#~~~~)..'##..#
..∩#~~~2##..###.####
.∩.#~~~~......#....#
∩.∩#~~###....####..##
.∩.#~##.##.+.2#.##..#
∩..#~#.#.##.##C..#..#
...'~'.##'.<)'#D#'..#
...#~#..###..e.D@#....#
▓###~##.###'.#..##......~~
####~~####.#.####§~.....~#
##~~~#.##..# §~~§~§.~#
#'#~###..## ~~§~§~~.~#
#.#~~##'##§~~≈§§~~~~~#
####~§§~§§~~~~≈§≈≈~~~#
#+§§#3§'#~≈≈ #.~~.~~.#


You could see a bone dragon, a golden dragon, a frost giant (empowered), a
cacodemon and a deep elf high priest.

Vanquished Creatures
  Kirke (D)
  A fire dragon (D)
  A yaktaur captain (D)
  An ice dragon (D)
  A great orb of eyes (D)
  2 boulder beetles (D)
  A skeletal warrior (D)
  A kobold demonologist (D)
  3 slime creatures (D)
  3 yaks (D)
  A vampire mosquito (D)
  4 neqoxecs (D)
  2 water moccasins (D)
  A necrophage (D)
  4 scorpions (D)
  An iron imp (D)
  3 worms (D)
31 creatures vanquished.

Notes
Turn   | Place    | Note
-------+----------+-------------------------------------------
     0 | D        | sircluck the Troll Berserker began the quest for the Orb.
     0 | D        | Reached XP level 1. HP: 22/22 MP: 0/0
     1 | D        | Noticed a boulder beetle
     1 | D        | Noticed a boulder beetle
     5 | D        | Noticed a scorpion
     5 | D        | Noticed a scorpion
     5 | D        | Noticed a scorpion
     5 | D        | Noticed a scorpion
    10 | D        | Killed a scorpion
    11 | D        | Reached skill level 5 in Unarmed Combat
    11 | D        | Reached XP level 2. HP: 33/33 MP: 1/1
    11 | D        | Reached XP level 3. HP: 40/40 MP: 2/2
    16 | D        | Killed a scorpion
    17 | D        | Reached skill level 5 in Fighting
    17 | D        | Reached skill level 5 in Dodging
    17 | D        | Reached skill level 6 in Unarmed Combat
    17 | D        | Reached XP level 4. HP: 50/50 MP: 3/3
    19 | D        | Killed a scorpion
    19 | D        | Reached ** piety under Trog
    20 | D        | Reached XP level 5. HP: 59/59 MP: 4/4
    22 | D        | Reached skill level 7 in Unarmed Combat
    31 | D        | Noticed a neqoxec
    33 | D        | Gained mutation: Your body sometimes deteriorates upon
                  | taking damage. [a neqoxec]
    34 | D        | Gained mutation: Your spells are a little easier to cast,
                  | but a little less powerful. [a neqoxec]
    37 | D        | Gained mutation: You are frail. (-10% HP) [a neqoxec]
    37 | D        | Gained mutation: You occasionally shout uncontrollably at
                  | your foes. [a neqoxec]
    39 | D        | Killed a neqoxec
    40 | D        | Reached skill level 8 in Unarmed Combat
    40 | D        | Reached XP level 6. HP: 61/61 MP: 5/5
    54 | D        | Noticed a neqoxec
    61 | D        | Killed a neqoxec
    61 | D        | Reached *** piety under Trog
    62 | D        | Reached skill level 9 in Unarmed Combat
    91 | D        | Noticed a water moccasin
    97 | D        | Killed a water moccasin
    98 | D        | Reached XP level 7. HP: 68/70 MP: 6/6
    99 | D        | Found Womeduro's Antique Armour Shop.
    99 | D        | Found Jamimm's Antique Armour Shop.
    99 | D        | Found Umaqifef's Magic Scroll Boutique.
    99 | D        | Found Meus's Distillery.
    99 | D        | Found Telalako's General Store.
    99 | D        | Found Cuivipna's Jewellery Boutique.
   101 | D        | Found Bizef's Magic Scroll Boutique.
   131 | D        | Identified Roxanne's Catalogue of Oromancy
   131 | D        | Noticed Roxanne
   138 | D        | Noticed a neqoxec
   139 | D        | Gained mutation: You frequently scream uncontrollably at
                  | your foes. [a neqoxec]
   148 | D        | Found Pel Kipt's Jewellery Boutique.
   148 | D        | Found Acupsus's Jewellery Shop.
   148 | D        | Noticed a neqoxec
   148 | D        | Gained mutation: You have hidden genetic potential. [a
                  | neqoxec]
   149 | D        | Noticed a vampire mosquito
   152 | D        | Killed a vampire mosquito
   152 | D        | Reached **** piety under Trog
   153 | D        | Reached skill level 10 in Unarmed Combat
   154 | D        | Gained mutation: You occasionally lose the ability to drink
                  | potions when taking damage. [a neqoxec]
   155 | D        | Killed a neqoxec
   158 | D        | Killed a neqoxec
   159 | D        | Reached skill level 11 in Unarmed Combat
   165 | D        | Found Kihoohot's Antique Armour Boutique.
   168 | D        | Noticed a polar bear
   168 | D        | Noticed a polar bear
   169 | D        | Found Xiot Buteb's Distillery.
   169 | D        | Found Ecurchiov's Antique Weapon Shop.
   169 | D        | Noticed an oklob plant
   179 | D        | Reached XP level 8. HP: 30/80 MP: 7/7
   331 | D        | Killed a boulder beetle
   331 | D        | Reached ***** piety under Trog
   332 | D        | Reached skill level 12 in Unarmed Combat
   334 | D        | Gained mutation: You are partially covered in iridescent
                  | scales. (AC +2) [hidden potential]
   346 | D        | Killed a boulder beetle
   347 | D        | Reached skill level 10 in Dodging
   347 | D        | Reached skill level 13 in Unarmed Combat
   347 | D        | Reached XP level 9. HP: 47/90 MP: 8/8
   410 | D        | Noticed Kirke
   410 | D        | Noticed a skeletal warrior
   410 | D        | Noticed a yaktaur captain
   432 | D        | Killed a yaktaur captain
   433 | D        | Reached skill level 10 in Fighting
   433 | D        | Reached skill level 14 in Unarmed Combat
   435 | D        | Gained mutation: Your system is resistant to poisons.
                  | (rPois) [hidden potential]
   435 | D        | Lost mutation: You have hidden genetic potential. [hidden
                  | potential expressed]
   452 | D        | Killed Kirke
   453 | D        | Reached skill level 15 in Unarmed Combat
   453 | D        | Reached XP level 10. HP: 74/99 MP: 9/9
   456 | D        | Killed a skeletal warrior
   456 | D        | Received a gift from Trog
   457 | D        | Reached skill level 16 in Unarmed Combat
   507 | D        | Noticed a great orb of eyes
   507 | D        | Noticed an elephant
   514 | D        | Killed a great orb of eyes
   515 | D        | Noticed a rust devil
   517 | D        | Reached skill level 17 in Unarmed Combat
   602 | D        | Received a gift from Trog
   613 | D        | Noticed a fire dragon
   613 | D        | Noticed an ice dragon
   727 | D        | Killed an ice dragon
   728 | D        | Reached skill level 18 in Unarmed Combat
   738 | D        | Killed a fire dragon
   739 | D        | HP: 2/153 [slime creature (15)]
   748 | D        | Found Gioc's Book Shop.
   748 | D        | Found Wayjuw's Book Shoppe.
   748 | D        | Found Coas's Weapon Boutique.
   892 | D        | Bought a +4 ring of slaying for 780 gold pieces
   913 | D        | Noticed a golden dragon
   915 | D        | Noticed a bone dragon
   915 | D        | Noticed a cacodemon
   915 | D        | Noticed a deep elf high priest
   916 | D        | Noticed a frost giant
   916 | D        | Noticed a storm dragon
   939 | D        | HP: 7/153 [golden dragon (11)]
   939 | D        | HP: 1/153 [golden dragon (6)]
   941 | D        | Demolished by a golden dragon

Illustrated notes

Levels and vault maps discovered:
D:        the_violet_keep_of_menkaure [sprint2_stairs_cluster_1,
          sprint2_shoproom, sprint2_temple, sprint2_basic_supplies,
          sprint2_obstacle_6, sprint2_obstacle_4, sprint2_obstacle_7,
          sprint2_obstacle_1, sprint2_obstacle_2, sprint2_timed_cluster_1,
          sprint2_smallroom_cluster_1, sprint2_smallroom_final_cluster_1,
          sprint2_transparent_cluster_1, sprint2_second_timed_cluster_1,
          sprint2_sniper_area_1, sprint2_heavy_combat_area_1,
          sprint2_mutation_trap_area_1, sprint2_forest_area_1,
          sprint2_light_combat_area_1, sprint2_behind_water_1,
          sprint2_near_end_vault_1]

Skill      XL: |  1  2  3  4  5  6  7  8  9 10 |
---------------+-------------------------------+-----
Fighting       | 4 5 6 7 8 9 10 11 | 11.3
Dodging        | 4 5 7 8 10 11 12 | 12.0
Unarmed Combat | 5 6 8 9 11 13 15 18 | 18.9
Stealth        | |  0.1

Action                     |  1- 3 |  4- 6 |  7- 9 | 10-12 || total
---------------------------+-------+-------+-------+-------++-------
  Melee: Unarmed           |    10 |    20 |    53 |    47 ||   130
         Punch             |     1 |       |     6 |     4 ||    11
 Invoke: Berserk           |     1 |     1 |     2 |     2 ||     6
         Brothers in Arms  |       |       |       |     3 ||     3
    Use: Scroll            |       |       |       |     2 ||     2
 Armour: Animal skin       |     1 |     2 |     3 |     4 ||    10
  Dodge: Dodged            |     4 |     7 |    17 |    20 ||    48

Table legend: (Time is in decaauts)
 A = Elapsed time spent in this place.
 B = Non-inter-level travel time spent in this place.
 C = Inter-level travel time spent in this place.
 D = Time resting spent in this place.
 E = Time spent auto-exploring this place.
 F = Levels seen in this place.
 G = Mean time per level.
                   A        B        C        D        E       F      G
               +--------+--------+--------+--------+--------+-----+--------+
         Total |    952 |    897 |     55 |    464 |     70 |   1 |  952.0 |
       Dungeon |    952 |    897 |     55 |    464 |     70 |   1 |  952.0 |
               +--------+--------+--------+--------+--------+-----+--------+

Top non-repeatable levels by time:
       D: 952 daAuts
